 Dungeon Crawl Stone Soup version 0.30.1-10-g1249ef9ec4 (webtiles) character file.

Game seed: 3689228586485724452

36 lonewolfV2 the Covered (level 3, 0/29 HPs)
             Began as a Demonspawn Fighter on Oct 26, 2023.
             Slain by a ball python (2 damage)
             ... on level 2 of the Dungeon.
             The game lasted 00:01:47 (1129 turns).

lonewolfV2 the Covered (Demonspawn Fighter)         Turns: 1129, Time: 00:01:48

Health: 0/29       AC:  9    Str: 18    XL:     3   Next: 19%
Magic:  3/3        EV:  5    Int:  9    God:
Gold:   45         SH:  4    Dex: 12    Spells: 2/2 levels left

rFire   . . .        a - +0 war axe
rCold   . . .        c - +0 buckler
rNeg    . . .        h - +0 chain mail
rPois   .            (no helmet)
rElec   .            (no cloak)
rCorr   .            (no gloves)
SInv    .            (no boots)
Will    .....        (no amulet) Stlth
                     (no ring)
HPRegen 0.24/turn    (no ring)
MPRegen 0.16/turn

%: no passive effects
@: constricted
A: hooves 1, magic regeneration
a: no special abilities


You were on level 2 of the Dungeon.
You visited 1 branch of the dungeon, and saw 2 of its levels.

You collected 45 gold pieces.

Inventory:

Hand Weapons
 a - a +0 war axe (weapon)
Armour
 c - a +0 buckler (worn)
 h - a +0 chain mail (worn)
Scrolls
 e - a scroll of fog
Potions
 b - a potion of haste {unknown}
 d - a potion of might
 f - a potion of attraction
 j - a potion of cancellation
 k - a potion of heal wounds {unknown}


   Skills:
 - Level 3.0 Fighting
 - Level 1.7 Axes
 + Level 3.1 Armour
 * Level 2.1 Dodging
 - Level 2.6 Shields


You had 2 spell levels left.
You didn't know any spells.
Your spell library was empty.

Dungeon Overview and Level Annotations

Branches:
Dungeon (2/15)

Altars:


Innate Abilities, Weirdness & Mutations

You have large cloven feet.
You regenerate magic rapidly.


Message History

The ball python bites you but does no damage.
The ball python constricts you. The ball python bites you.
* * * LOW HITPOINT WARNING * * *
The ball python constricts you. The ball python barely misses you.
The ball python constricts you. You block the ball python's attack.
The ball python constricts you.
The ball python bites you but does no damage.
The ball python constricts you.
The ball python bites you but does no damage.
The ball python constricts you. The ball python barely misses you.
The ball python constricts you. You block the ball python's attack.
The ball python constricts you. The ball python bites you.
* * * LOW HITPOINT WARNING * * *
The ball python constricts you.
The ball python bites you but does no damage.
The ball python constricts you. You block the ball python's attack.
The ball python constricts you. You block the ball python's attack.
The ball python constricts you. You block the ball python's attack.
The ball python constricts you.
* * * LOW HITPOINT WARNING * * *
The ball python bites you but does no damage.
The ball python constricts you. The ball python bites you.
* * * LOW HITPOINT WARNING * * *
The ball python constricts you.
The ball python bites you but does no damage.
The ball python constricts you.
The ball python bites you but does no damage.
The ball python constricts you.
The ball python bites you but does no damage.
The ball python constricts you.
The ball python bites you but does no damage.
The ball python constricts you.
The ball python bites you but does no damage.
The ball python constricts you.
* * * LOW HITPOINT WARNING * * *
The ball python bites you.
You die...

..##...†.# #.##.# #...#####...
#........#####....# #......#####
#...##......###..###..........#.
#.# #...##.#....# #.#........#.
#. #...##.#.##.. .........#. #
######....# ........... ###(.##
#..........# #...# ...........#
#....#@# ...........#
........S...............#
......##...###.........## ######
#.....#....<..†.#
#.###........)<.## #.#
#.......).... ... ......[.(..#
... ##........## ###........##


You could see a ball python.

Vanquished Creatures
  2 adders (D:2)
  2 ball pythons (D:1)
  An endoplasm (D:2)
  2 giant cockroaches
  A goblin (D:1)
  3 hobgoblins (D:1)
  A quokka (D:1)
  A bat (D:1)
  4 frilled lizards
  A kobold (D:2)
18 creatures vanquished.

Notes
Turn   | Place    | Note
-------+----------+-------------------------------------------
     0 | D:1      | lonewolfV2 the Demonspawn Fighter began the quest for the
                  | Orb.
     0 | D:1      | Reached XP level 1. HP: 18/18 MP: 1/1
   167 | D:1      | Reached skill level 1 in Dodging
   208 | D:1      | Gained mutation: You have large cloven feet. [demonic
                  | ancestry]
   208 | D:1      | Reached XP level 2. HP: 24/24 MP: 2/2
   921 | D:2      | Gained mutation: You regenerate magic rapidly. [demonic
                  | ancestry]
   921 | D:2      | Reached XP level 3. HP: 29/29 MP: 3/3
  1124 | D:2      | HP: 1/29 [ball python (1)]
  1129 | D:2      | Slain by a ball python

Illustrated notes

Levels and vault maps discovered:
D:1:      dpeg_arrival_boxorama, layout_loops_cross
D:2:      layout_rooms, uniq_terence

Skill      XL: |  1  2 |
---------------+-------+-----
Dodging        | 1 2 |  2.1
Armour         | 3 |  3.1
Fighting       | |  3.0
Axes           | |  1.7
Shields        | |  2.6

Action                     || total
---------------------------++-------
  Melee: War axe           ||    54
         Kick              ||     1
    Use: Scroll            ||     5
 Armour: Scale mail        ||    20
         Chain mail        ||   107
  Dodge: Dodged            ||    59
  Block: Buckler           ||    39
